 Dungeon Crawl Stone Soup version 0.29-a0-559-g359e09b9d1 (webtiles) character file.

Game seed: 3525257844506177431

91 happo123 the Sneak (level 4, -1/24 HPs)
             Began as a Vampire Enchanter on June 10, 2022.
             Slain by an orc wizard
             ... wielding a +0 dagger of venom
              (2 damage)
             ... on level 3 of the Dungeon.
             The game lasted 00:06:55 (2094 turns).

happo123 the Sneak (Vampire Enchanter)              Turns: 2094, Time: 00:06:55

Health: -1/24      AC:  2    Str:  7    XL:     4   Next: 33%
Magic:  4/7        EV: 12    Int: 19    God:
Gold:   91         SH:  0    Dex: 14    Spells: 2/7 levels left

rFire   . . .      SeeInvis +   a - +1 dagger
rCold   + + .      Faith    .   (no shield)
rNeg    + + +      Spirit   .   b - +0 robe
rPois   ∞          Reflect  .   (no helmet)
rElec   .          Harm     .   (no cloak)
rCorr   .          Rampage  .   (no gloves)
Will    .....                   (no boots)
Stlth   +++.......              (no amulet)
HPRegen 0.00/turn               (no ring)
MPRegen 0.10/turn               (no ring)

@: confused, bloodless, inhibited regen
A: bloodless, fangs 3, see invisible, vampiric 2
a: Bat Form, Revivify


You were on level 3 of the Dungeon.
You visited 1 branch of the dungeon, and saw 3 of its levels.

You collected 91 gold pieces.

Inventory:

Hand Weapons
 a - a +1 dagger (weapon)
 j - a +3 hunting sling
Armour
 b - a +0 robe (worn)
Jewellery
 f - an amulet of regeneration
Wands
 i - a wand of flame (13)
Scrolls
 e - 2 scrolls of enchant armour {unknown}
 g - 3 scrolls of teleportation {unknown}
 h - a scroll of noise {unknown}
 l - a scroll of summoning {unknown}
 o - a scroll of brand weapon {unknown}
 q - a scroll of fear {unknown}
 s - a scroll of identify {unknown}
Potions
 c - 3 potions of invisibility
 d - 2 potions of lignification {unknown}
 k - a potion of ambrosia {unknown}
 m - 2 potions of curing {unknown}
 n - a potion of heal wounds {unknown}
 p - 2 potions of mutation {unknown}
 r - a potion of flight {unknown}


   Skills:
 + Level 0.9 Fighting
 + Level 1.7 Short Blades
 + Level 2.5 Dodging
 * Level 5.7 Stealth
 + Level 2.3 Spellcasting
 * Level 5.4 Hexes
 + Level 0.0 Ice Magic


You had 2 spell levels left.
You knew the following spells:

 Your Spells              Type           Power      Damage    Failure   Level
a - Ensorcelled Hibernat  Hex/Ice        24%        N/A       9%          2
b - Confusing Touch       Hex            22%        N/A       5%          3

Your spell library contained the following spells:

 Spells                   Type           Power      Damage    Failure   Level
 Tukima's Dance           Hex            22%        N/A       5%          3
 Dazzling Flash           Conj/Hex       24%        N/A       16%         3
 Ozocubu's Armour         Ice            2%         N/A       43%         3
 Metabolic Englaciation   Hex/Ice        6%         N/A       83%         5
 Simulacrum               Ice/Necr       1%         N/A       100%        6


Dungeon Overview and Level Annotations

Branches:
Dungeon (3/15)

Altars:
Cheibriados
Hepliaklqana

Shops:
D:1 *


Innate Abilities, Weirdness & Mutations

You do not regenerate when monsters are visible.
You are frail without blood (-20% HP).
You can heal yourself when you bite living creatures.
You are immune to poison.
You have razor-sharp teeth.
You have supernaturally acute eyesight. (SInv)
You are afflicted with vampirism and can become a bat while bloodless.


Message History

You barely miss the iron imp.
You bite the iron imp, but do no damage.
You hit the iron imp but do no damage.
An orc comes into view. It is wielding a +0 dagger.
The orc wizard mumbles some strange words.
The orc wizard flickers and vanishes for a moment.
The orc hits you with a +0 dagger.
An orc comes into view. It is wielding a +0 trident.
Aiming: Ensorcelled Hibernation (safe; 9% risk of failure)
Press: ? - help, Q - select action, (/) - cycle Shift-Dir - straight line, f - orc
Aim: an orc, wielding a +0 dagger and wearing a +0 leather armour (chance to affect: 63%)
The orc resists with significant effort.
The orc shouts!
The orc shouts!
The orc hits you with a +0 dagger.
The iron imp hits the orc!
The orc is killed!
The orc wizard casts a spell at you. The magic dart hits you!
* * * LOW HITPOINT WARNING * * *
The orc wizard points at you and mumbles some strange words.
You are confused.
You're too confused to cast spells.
You bump into the rock wall.
The orc wizard hits you with a +0 dagger of venom.
* * * LOW HITPOINT WARNING * * *
You barely miss the orc wizard.
The iron imp seems less confused.
The orc wizard gestures at you while chanting.
You are more confused.
You barely miss the orc wizard.
The orc wizard hits you with a +0 dagger of venom.
* * * LOW HITPOINT WARNING * * *
You barely miss the orc wizard. The orc wizard barely misses you.
You barely miss the orc wizard.
The orc wizard hits you with a +0 dagger of venom.
* * * LOW HITPOINT WARNING * * *
You barely miss the orc wizard. Your bite misses the orc wizard.
The orc wizard closely misses you.
You closely miss the orc wizard.
The orc wizard hits you with a +0 dagger of venom.
You die...

.#.# #.#.. ##. .....#
.... ## .....# ....
.###.....# ....
#......... ...
#########........o ##
####....@oooo...._...
.#
#.......####5........
#.......# #.........
#.......#######.....# #
#.....).....# .....#
.#..# ####........#
.....# ....#
#.##.#####.# ..##.
.#..##### ####....)...
..#
##......####...........


You could see an iron imp, an orc wizard (invisible) and 3 orcs.

Vanquished Creatures
  5 adders
  A dart slug (D:1)
  An orc (D:3)
  4 endoplasms
  13 goblins
  A hobgoblin (D:2)
  2 quokkas
  5 ball pythons
  2 bats
  2 frilled lizards
  5 rats
41 creatures vanquished.

Notes
Turn   | Place    | Note
-------+----------+-------------------------------------------
     0 | D:1      | happo123 the Vampire Enchanter began the quest for the Orb.
     0 | D:1      | Reached XP level 1. HP: 13/13 MP: 3/3
   168 | D:1      | Found Wiasuast's Assorted Antiques.
   237 | D:1      | Reached XP level 2. HP: 19/19 MP: 5/5
   240 | D:1      | Learned a level 2 spell: Ensorcelled Hibernation
   645 | D:2      | Reached skill level 5 in Stealth
   806 | D:2      | Gained mutation: You are afflicted with vampirism and can
                  | become a bat while bloodless. [Vampire growth]
   806 | D:2      | Reached XP level 3. HP: 16/20 MP: 6/6
   810 | D:2      | Learned a level 3 spell: Confusing Touch
   897 | D:2      | Reached skill level 5 in Hexes
  1183 | D:2      | Found a hazy altar of Hepliaklqana.
  1284 | D:2      | Found a faded altar of an unknown god.
  1915 | D:3      | Reached XP level 4. HP: 24/24 MP: 7/7
  2063 | D:3      | Found a snail-covered altar of Cheibriados.
  2092 | D:3      | HP: 1/24 [orc wizard/+0 dagger of venom (1)]
  2094 | D:3      | Slain by an orc wizard

Illustrated notes

Levels and vault maps discovered:
D:1:      scummos_arrival_checkerplants, layout_basic, serial_shops,
          nicolae_shop_behind_doors, chequers_serial_rivers_room_b
D:2:      layout_basic, nicolae_ecumenical_pavilion, basic_altar,
          chequers_serial_rivers_micro_d, minmay_goblin_outpost
D:3:      layout_basic, slow_altar_1, uniq_jessica

Skill      XL: |  1  2  3 |
---------------+----------+-----
Stealth        | 5 |  5.7
Hexes          | 5 |  5.4
Fighting       | |  0.9
Short Blades   | |  1.7
Dodging        | |  2.5
Spellcasting   | |  2.3

Action                   |  1- 3 |  4- 6 || total
-------------------------+-------+-------++-------
Melee: Dagger            |    74 |    17 ||    91
       Bite              |     3 |     3 ||     6
 Fire: Hunting sling     |    14 |       ||    14
 Cast: Ensorcelled Hiber |     7 |     3 ||    10
       Confusing Touch   |       |     1 ||     1
 Abil: Exsanguinate      |     1 |       ||     1
 Stab: Sleeping          |    13 |     3 ||    16
Armor: Robe              |    10 |     1 ||    11
Dodge: Dodged            |    35 |     5 ||    40

Table legend: (Time is in decaauts)
 A = Elapsed time spent in this place.
 B = Non-inter-level travel time spent in this place.
 C = Inter-level travel time spent in this place.
 D = Time resting spent in this place.
 E = Time spent auto-exploring this place.
 F = Levels seen in this place.
 G = Mean time per level.
                   A        B        C        D        E       F      G
               +--------+--------+--------+--------+--------+-----+--------+
         Total |   2096 |   1972 |    124 |      0 |   1618 |   3 |  698.7 |
       Dungeon |   2096 |   1972 |    124 |      0 |   1618 |   3 |  698.7 |
               +--------+--------+--------+--------+--------+-----+--------+

Top non-repeatable levels by time:
     D:2: 1298 daAuts
     D:1: 599 daAuts
     D:3: 198 daAuts
